 Dungeon Crawl Stone Soup version 0.28-a0-580-ga2639ab843 (webtiles) character file.

Game seed: 10595093192724857494

21235 jasper the Carver (level 12, -2/74 HPs)
             Began as a Demonspawn Enchanter on Oct 2, 2021.
             Was a High Priest of Cheibriados.
             Slain by a yak (7 damage)
             ... on level 1 of the Lair of Beasts.
             The game lasted 00:28:54 (14935 turns).

jasper the Carver (Demonspawn Enchanter)           Turns: 14935, Time: 00:28:54

Health: -2/74      AC: 15    Str: 22    XL:     12   Next: 52%
Magic:  14/21      EV: 18    Int: 33    God:    Cheibriados [*****.]
Gold:   442        SH:  0    Dex: 28    Spells: 7/15 levels left

rFire   . . .      SeeInvis .   I - +2 dagger (elec)
rCold   + . .      Faith    .   (no shield)
rNeg    . . .      Spirit   .   u - +0 ring mail
rPois   .          Reflect  .   N - +1 helmet
rElec   .          Harm     .   (no cloak)
rCorr   .          Rampage  .   F - +0 pair of gloves
Will    .....                   O - +0 pair of boots
Stlth   ++++......              B - amulet of regeneration
HPRegen 1.22/turn               q - +4 ring of protection
MPRegen 0.17/turn               o - ring of protection from cold

@: very slightly contaminated, very slow
A: hooves 2, foul stench 1, powered by pain 2, sharp scales 1
a: Renounce Religion, Bend Time, Temporal Distortion, Slouch, Step From Time


You were on level 1 of the Lair of Beasts.
You worshipped Cheibriados.
Cheibriados was extremely pleased with you.
You visited 3 branches of the dungeon, and saw 13 of its levels.

You collected 709 gold pieces.
You spent 267 gold pieces at shops.

Inventory:

Hand Weapons
 a - a +1 dagger
 k - a +1 scimitar of flaming
 m - a +1 falchion
 E - a +2 dagger of draining
 I - a +2 dagger of electrocution (weapon)
 L - a +0 great sword
Missiles
 p - 58 poisoned darts
 D - 6 javelins
 Q - 4 throwing nets
Armour
 b - a +0 robe
 g - a +0 kite shield
 h - a +1 pair of gloves
 u - a +0 ring mail (worn)
 F - a +0 pair of gloves (worn)
 H - a +0 cloak
 N - a +1 helmet (worn)
 O - a +0 pair of boots (worn)
 S - a +3 chain mail of fire resistance
Magical Staves
 G - a staff of poison
Jewellery
 f - a ring of flight
 o - a ring of protection from cold (right hand)
 q - a +4 ring of protection (left hand)
 s - a ring of fire
 v - an amulet of the acrobat
 B - an amulet of regeneration (around neck)
 J - a ring of wizardry
Wands
 d - a wand of mindburst (28)
 t - a wand of charming (16)
 x - a wand of acid (13)
 y - a wand of iceblast (2)
 A - a wand of flame (23)
 P - a wand of digging (5)
 T - a wand of paralysis (10)
Scrolls
 c - 3 scrolls of teleportation
 i - 4 scrolls of noise
 l - 2 scrolls of summoning
 C - 2 scrolls of amnesia
 K - a scroll of immolation
 U - a scroll of enchant armour
Potions
 e - 2 potions of mutation
 n - 2 potions of curing
 r - 4 potions of degeneration
 w - 2 potions of flight
 z - 2 potions of ambrosia {unknown}
 M - a potion of attraction {unknown}
 R - 2 potions of haste {unknown}


   Skills:
 - Level 0.8(8.5) Short Blades
 * Level 13.1(13.2) Long Blades
 - Level 3.0 Armour
 + Level 7.3 Dodging
 - Level 7.6 Stealth
 - Level 2.0 Spellcasting
 - Level 6.5 Hexes
 - Level 12.0 Invocations


You had 7 spell levels left.
You knew the following spells:

 Your Spells              Type           Power      Damage    Failure   Level
a - Ensorcelled Hibernat  Hex/Ice        48%        N/A       4%          2
b - Confusing Touch       Hex            46%        N/A       1%          3
c - Tukima's Dance        Hex            46%        N/A       1%          3

Your spell library contained the following spells:

 Spells                   Type           Power      Damage    Failure   Level
 Cause Fear               Hex            23%        N/A       7%          4
 Dazzling Flash           Conj/Hex       48%        N/A       8%          3
 Inner Flame              Hex/Fire       24%        N/A       8%          3
 Freeze                   Ice            12%        1d4       10%         1
 Frozen Ramparts          Ice            6%         1d2       30%         3
 Spider Form              Tmut/Pois      1%         N/A       30%         3
 Hailstorm                Conj/Ice       3%         3d3       69%         4
 Discord                  Hex            23%        N/A       100%        8


Dungeon Overview and Level Annotations

Branches:
Dungeon (11/15)            Temple (1/1) D:5            Lair (1/6) D:11
    Orc: D:9-12

Altars:
Cheibriados
Elyvilon
Fedhas
Gozag
Hepliaklqana
Kikubaaqudgha
Nemelex Xobeh
Okawaru
Qazlal
Ru
Sif Muna
Uskayaw
Vehumet
Wu Jian
Yredelemnul
Zin
The Shining One

Shops:
D:5 *   D:9 [


Innate Abilities, Weirdness & Mutations

You have hoof-like feet.
You may rarely emit foul miasma when damaged in melee.
You sometimes gain power by taking damage.
You are partially covered in razor-sharp scales. (AC +1, Slay +1)


Message History

The yak gores you.
* * * LOW HITPOINT WARNING * * *
You emit a cloud of foul miasma!
You take 5 damage, and have 18/74 hp.
Aiming: Ensorcelled Hibernation (safe; 4% risk of failure)
Press: ? - help, Q - select action, (/) - cycle Shift-Dir - straight line, f - yak
Aim: a yak (lightly wounded, chance to affect: 53%)
The yak looks drowsy...
The yak is engulfed in dark miasma.
The yak is poisoned.
The yak seems to slow down.
The yak misses you.
You regained 2 hp, and now have 20/74 hp.
You now have 17/21 mp.
The helpless yak fails to defend itself.
You spit the yak like a pig!!!!
You kill the yak!
Cheibriados thoroughly appreciates the change of pace.
The yak gores you!
* * * LOW HITPOINT WARNING * * *
You take 8 damage, and have 12/74 hp.
Aiming: Ensorcelled Hibernation (safe; 4% risk of failure)
Press: ? - help, Q - select action, (/) - cycle Shift-Dir - straight line, f - yak
Aim: a yak (chance to affect: 53%)
The yak looks drowsy...
The yak is engulfed in dark miasma.
The yak looks even sicker.
The yak seems to slow down.
The yak gores you!
* * * LOW HITPOINT WARNING * * *
You take 9 damage, and have 3/74 hp.
You now have 15/21 mp.
The helpless yak fails to defend itself.
You spit the yak like a pig!!!!
You kill the yak!
Cheibriados thoroughly appreciates the change of pace.
Aiming: Ensorcelled Hibernation (safe; 4% risk of failure)
Press: ? - help, Q - select action, (/) - cycle Shift-Dir - straight line, f - yak
Aim: a yak (foul pestilence, severely wounded, very poisoned, slow, chance to affect: 53%)
You miscast Ensorcelled Hibernation.
You are very lightly contaminated with residual magic.
Nothing appears to happen.
The yak is engulfed in dark miasma.
The yak looks even sicker.
The yak seems to slow down.
The yak gores you!
You die...

##..≈# ≈...
#...≈####≈...
.#######..≈≈≈≈≈≈.#
..........††.....#
.........#P...##..
≈≈≈≈≈≈≈.###.......
≈♣♣♣♣≈≈.# .......
♣≈≈.####....#.
♣≈≈..@....###
♣≈≈.Y.....#
≈≈≈≈≈≈.#####.#
≈≈≈≈≈≈.# #
........#
###..#..# #..####
..


You could see a yak (very poisoned, slow).

Vanquished Creatures
  Gastronok (D:8)
  Harold (D:8)
  2 hydras
  Fannar (D:10)
  A death knight (D:11)
  4 two-headed ogres
  Erica (D:7)
  A skeletal warrior (D:11)
  A phantasmal warrior (D:11)
  An ugly thing (D:11)
  2 komodo dragons (D:11)
  A freezing wraith (D:11)
  3 kobold demonologists (D:11)
  3 trolls
  Grinder (D:3)
  A wraith (D:11)
  Sigmund (D:3)
  2 vampires
  34 yaks
  A steam dragon (D:8)
  2 vampire mosquitoes (D:9)
  2 water moccasins
  4 orc warriors
  2 ice beasts
  2 hornet zombies (D:8)
  2 black bears
  2 ogres
  A necrophage (D:9)
  8 centaurs
  5 kobold brigands
  4 bullfrogs
  3 wyvern zombies
  4 scorpions
  9 killer bees
  4 howler monkeys
  5 centaur zombies
  3 hounds
  5 orc priests
  3 centaur skeletons
  7 orc wizards
  Natasha (thrice) (D:3)
  2 killer bee zombies
  5 howler monkey zombies
  A howler monkey skeleton (D:6)
  7 adders
  An adder zombie (D:5)
  3 adder skeletons (D:4)
  A worm (D:2)
  3 dart slugs (D:3)
  33 orcs
  3 ball pythons
  7 bats
  7 endoplasms
  2 giant cockroaches (D:4)
  5 goblins
  2 hobgoblins
  7 jackals (D:5)
  2 quokkas
  4 frilled lizards
  13 kobolds
  4 rats
255 creatures vanquished.

Vanquished Creatures (collateral kills)
  An ogre (D:5)
1 creature vanquished.

Vanquished Creatures (others)
  2 dancing weapons
  19 fungi
  42 plants
63 creatures vanquished.

Grand Total: 319 creatures vanquished

Notes
Turn   | Place    | Note
-------+----------+-------------------------------------------
     0 | D:1      | jasper the Demonspawn Enchanter began the quest for the
                  | Orb.
     0 | D:1      | Reached XP level 1. HP: 13/13 MP: 3/3
   508 | D:1      | Gained mutation: You may rarely emit foul miasma when
                  | damaged in melee. [demonic ancestry]
   508 | D:1      | Reached XP level 2. HP: 12/19 MP: 5/5
   511 | D:1      | Learned a level 2 spell: Ensorcelled Hibernation
  2247 | D:2      | Reached XP level 3. HP: 6/24 MP: 3/6
  2921 | D:3      | Noticed Natasha
  2925 | D:3      | Killed Natasha
  3008 | D:3      | Noticed Natasha
  3172 | D:3      | Killed Natasha
  3173 | D:3      | Gained mutation: You have large cloven feet. [demonic
                  | ancestry]
  3173 | D:3      | Reached XP level 4. HP: 30/30 MP: 2/7
  3429 | D:3      | Learned a level 3 spell: Confusing Touch
  3439 | D:3      | Noticed Grinder
  3470 | D:3      | Killed Grinder
  3471 | D:3      | Reached skill level 5 in Stealth
  3471 | D:3      | Reached skill level 5 in Hexes
  3471 | D:3      | Reached XP level 5. HP: 22/35 MP: 3/8
  3471 | D:3      | Gained mutation: You sometimes gain a little power by
                  | taking damage. [demonic ancestry]
  3471 | D:3      | Reached XP level 6. HP: 25/41 MP: 3/9
  3475 | D:3      | Learned a level 3 spell: Tukima's Dance
  3855 | D:3      | Noticed Sigmund
  3872 | D:3      | Killed Sigmund
  3873 | D:3      | Reached skill level 1 in Long Blades
  3873 | D:3      | Reached XP level 7. HP: 20/46 MP: 1/10
  4046 | D:3      | Noticed Natasha
  4055 | D:3      | Killed Natasha
  4928 | D:4      | Reached skill level 2 in Long Blades
  5857 | D:5      | Entered Level 5 of the Dungeon
  5953 | D:5      | Found a staircase to the Ecumenical Temple.
  5980 | Temple   | Entered the Ecumenical Temple
  6007 | Temple   | Became a worshipper of Cheibriados the Contemplative
  6034 | D:5      | Reached skill level 3 in Long Blades
  6065 | D:5      | Gained mutation: You have hoof-like feet. [demonic
                  | ancestry]
  6065 | D:5      | Reached XP level 8. HP: 52/52 MP: 6/11
  6152 | D:5      | Found Tuaplone's Assorted Antiques.
  6160 | D:5      | Bought a scroll of identify for 54 gold pieces
  6160 | D:5      | Bought a scroll of teleportation for 81 gold pieces
  6160 | D:5      | Bought a dark potion for 24 gold pieces
  6318 | D:5      | Reached skill level 1 in Invocations
  6508 | D:5      | Reached skill level 4 in Long Blades
  6753 | D:5      | Reached * piety under Cheibriados
  6850 | D:5      | Found a sacrificial altar of Ru.
  6858 | D:5      | Found a stormy altar of Qazlal.
  6860 | D:5      | Found an ancient bone altar of Kikubaaqudgha.
  6860 | D:5      | Found an ornate altar of the Wu Jian Council.
  6868 | D:5      | Found an opulent altar of Gozag.
  6869 | D:5      | Found an iron altar of Okawaru.
  7381 | D:6      | Reached skill level 5 in Long Blades
  7795 | D:6      | Gained mutation: You sometimes gain power by taking damage.
                  | [demonic ancestry]
  7795 | D:6      | Reached XP level 9. HP: 36/57 MP: 9/12
  7797 | D:6      | Reached skill level 5 in Invocations
  7945 | D:6      | Found a hazy altar of Hepliaklqana.
  8151 | D:7      | Reached ** piety under Cheibriados
  8602 | D:7      | Reached skill level 6 in Long Blades
  9520 | D:8      | Noticed Erica
  9520 | D:8      | Noticed Harold
  9774 | D:7      | Killed Erica
  9819 | D:8      | Noticed an eight-headed hydra
  9821 | D:8      | Killed Harold
  9822 | D:8      | Reached skill level 7 in Long Blades
  9822 | D:8      | Reached skill level 10 in Invocations
  9822 | D:8      | Reached XP level 10. HP: 35/63 MP: 3/17
  9834 | D:8      | Noticed a two-headed ogre
  9934 | D:9      | Found a radiant altar of Vehumet.
 10050 | D:9      | Found Hasmuuro's Antique Armour Boutique.
 10055 | D:9      | Bought a cloak for 108 gold pieces
 10093 | D:9      | Reached *** piety under Cheibriados
 10610 | D:9      | Reached skill level 8 in Long Blades
 10842 | D:10     | Entered Level 10 of the Dungeon
 10957 | D:10     | Noticed Fannar
 10964 | D:10     | Noticed a two-headed ogre
 10981 | D:10     | Killed a two-headed ogre
 10982 | D:10     | Reached skill level 1 in Armour
 11149 | D:10     | Reached skill level 9 in Long Blades
 11508 | D:10     | Reached **** piety under Cheibriados
 11518 | D:10     | Gained mutation: You are partially covered in razor-sharp
                  | scales. (AC +1, Slay +1) [demonic ancestry]
 11518 | D:10     | Reached XP level 11. HP: 54/68 MP: 20/20
 11543 | D:10     | Killed Fannar
 11694 | D:10     | Reached skill level 10 in Long Blades
 12248 | D:11     | Noticed a soul eater
 12327 | D:11     | Noticed a two-headed ogre
 12336 | D:11     | Killed a two-headed ogre
 12408 | D:11     | Noticed a cyan ugly thing
 12408 | D:11     | Noticed a two-headed ogre
 12519 | D:9      | HP: 1/68 [killer bee (5)]
 12777 | D:8      | Killed a two-headed ogre
 12778 | D:8      | Reached skill level 11 in Long Blades
 12778 | D:8      | Reached skill level 5 in Dodging
 12886 | D:8      | Found a basalt altar of Yredelemnul.
 12991 | D:8      | Killed a six-headed hydra
 13158 | D:8      | Reached ***** piety under Cheibriados
 13171 | D:8      | Noticed Gastronok
 13190 | D:8      | Killed Gastronok
 13722 | D:11     | Killed a cyan ugly thing
 13782 | D:11     | Killed a two-headed ogre
 13783 | D:11     | Reached skill level 12 in Long Blades
 13783 | D:11     | Reached XP level 12. HP: 71/74 MP: 9/21
 14069 | D:11     | Noticed a death knight
 14087 | D:11     | Killed a death knight
 14276 | D:11     | Found a staircase to the Lair.
 14349 | D:11     | Noticed a four-headed hydra
 14360 | D:11     | Killed a one-headed hydra
 14533 | D:11     | Reached skill level 13 in Long Blades
 14788 | Lair:1   | Entered Level 1 of the Lair of Beasts
 14933 | Lair:1   | HP: 3/74 [yak (11)]
 14935 | Lair:1   | Slain by a yak

Illustrated notes

Levels and vault maps discovered:
D:1:      minmay_arrival_shoal_huts, layout_basic
D:2:      layout_basic, serial_bayou_lake_a
D:3:      layout_loops_ring, uniq_grinder, uniq_natasha, uniq_sigmund
D:4:      layout_basic
D:5:      layout_basic, grunt_temple_overflow_open,
          minmay_temple_entry_junction, serial_shops,
          nicolae_shop_temple_entry_statues_fountains
D:6:      layout_basic, worldfamousw_hep_ancestral_shrine
D:7:      layout_basic
D:8:      layout_cave_pools, nicolae_yredelemnul_corpse_copse,
          chequers_serial_rivers_small_a, uniq_erica, uniq_harold,
          uniq_gastronok
D:9:      layout_basic, nicolae_vehumet_altar_sigil, serial_shops,
          kennysheep_little_box
D:10:     layout_stronghold, uniq_fannar
D:11:     layout_basic, grunt_lair_entry_orc_guard_hut, serial_co_window_serial,
          co_window_paths_a, co_window_of_opportunity_a,
          co_window_of_opportunity_a, co_window_of_opportunity_a,
          co_window_paths_a, co_window_paths_b, co_window_paths_a,
          co_window_broadway_b, co_window_2corner, co_window_broadway_c,
          co_window_of_opportunity_b, co_window_paths_c, co_window_corner_cb
Temple:   cyrus_circular_temple
Lair:1:   layout_gridlike

Skill      XL: |  1  2  3  4  5  6  7  8  9 10 11 12 |
---------------+-------------------------------------+-----
Stealth        | 3 4 5 6 7 |  7.6
Hexes          | 4 5 6 |  6.5
Long Blades    | 1 3 5 7 9 12 13 | 13.1
Invocations    | 4 10 12 | 12.0
Armour         | 2 3 |  3.0
Dodging        | 3 6 7 |  7.3
Short Blades   | |  0.8
Spellcasting   | |  2.0

Action                   |  1- 3 |  4- 6 |  7- 9 | 10-12 || total
-------------------------+-------+-------+-------+-------++-------
Melee: Dagger            |   116 |    54 |   271 |    17 ||   458
       Kick              |       |     8 |    83 |   177 ||   268
       Falchion          |       |       |    15 |       ||    15
       Scimitar          |       |       |     7 |   426 ||   433
Throw: Dart              |       |       |     3 |       ||     3
 Cast: Ensorcelled Hiber |    34 |    12 |    75 |    17 ||   138
       Confusing Touch   |       |     2 |     7 |     7 ||    16
       Tukima's Dance    |       |       |     9 |    19 ||    28
Evoke: Wand              |       |       |     3 |    19 ||    22
  Use: Potion            |     1 |       |     2 |     7 ||    10
       Scroll            |       |       |    15 |     6 ||    21
 Stab: Sleeping          |    19 |     8 |    44 |    18 ||    89
       Invisible         |     1 |       |       |       ||     1
       Confused          |       |     3 |     6 |     3 ||    12
Armor: Robe              |    29 |     9 |    58 |       ||    96
       Ring mail         |       |       |   131 |   171 ||   302
       Skin              |       |       |       |     9 ||     9
Dodge: Dodged            |    73 |    31 |   226 |   360 ||   690

Table legend: (Time is in decaauts)
 A = Elapsed time spent in this place.
 B = Non-inter-level travel time spent in this place.
 C = Inter-level travel time spent in this place.
 D = Time resting spent in this place.
 E = Time spent auto-exploring this place.
 F = Levels seen in this place.
 G = Mean time per level.
                   A        B        C        D        E       F      G
               +--------+--------+--------+--------+--------+-----+--------+
         Total |  18227 |  17053 |   1174 |   2065 |  11838 |  13 | 1402.1 |
       Dungeon |  17947 |  16782 |   1165 |   2065 |  11642 |  11 | 1631.5 |
        Temple |     39 |     32 |      7 |      0 |      7 |   1 |   39.0 |
          Lair |    240 |    240 |      0 |      0 |    188 |   1 |  240.0 |
               +--------+--------+--------+--------+--------+-----+--------+

Top non-repeatable levels by time:
    D:10: 2209 daAuts
     D:7: 2093 daAuts
    D:11: 1963 daAuts
     D:3: 1886 daAuts
     D:9: 1707 daAuts
     D:2: 1597 daAuts
     D:5: 1424 daAuts
     D:4: 1354 daAuts
     D:6: 1330 daAuts
     D:1: 1224 daAuts
     D:8: 1156 daAuts
  Lair:1: 240 daAuts
  Temple: 39 daAuts
